Minnesota North Stars vs Vancouver Canucks
Created - Sunday, November 26, 2023 at 06:47
Goals
|
| Minnesota North Stars |
1 |
1 |
1 |
3 |
| Vancouver Canucks |
2 |
3 |
2 |
7 |
|
Shots
|
| Minnesota North Stars |
6 |
18 |
9 |
33 |
| Vancouver Canucks |
11 |
15 |
5 |
31 |
|
1st period
1. Minnesota North Stars , Evgeni Malkin 24 (Frank Vatrano 10) at 3:22
2. Vancouver Canucks , Aleksander Barkov 11 (Robby Fabbri 20, Olli Maatta 15) at 17:18
3. Vancouver Canucks , Jesperi Kotkaniemi 17 (Clayton Keller 28, Noah Hanifin 14) at 17:52
Penalties :
Jesperi Kotkaniemi (VAN) for Hooking (Minor) at 8:16, Brandon Montour (MNS) for Tripping (Minor) at 18:41
2nd period
4. Vancouver Canucks , Clayton Keller 31 (Mikko Rantanen 38) at 4:06
5. Vancouver Canucks , Mikko Rantanen 37 (Clayton Keller 29, Jesperi Kotkaniemi 30) at 7:06 (PP)
6. Minnesota North Stars , Zach Parise 17 (Brandon Montour 25, Evgeni Malkin 45) at 10:57
7. Vancouver Canucks , Artturi Lehkonen 27 (Mikko Rantanen 39) at 16:17
Penalties :
Rasmus Dahlin (MNS) for Cross-checking (Minor) at 6:53, Brandon Montour (MNS) for Holding (Minor) at 7:49, Miro Heiskanen (VAN) for Charging (Minor) at 13:05
3rd period
8. Minnesota North Stars , Eeli Tolvanen 12 (Evan Rodrigues 15, Jamie Oleksiak 22) at 11:48
9. Vancouver Canucks , Clayton Keller 32 (Mikko Rantanen 40) at 13:12 (PP)
10. Vancouver Canucks , Clayton Keller 33 (Mikko Rantanen 41, Artturi Lehkonen 31) at 17:16
Penalties :
Jesperi Kotkaniemi (VAN) for Hooking (Minor) at 4:06, Brandon Montour (MNS) for Slashing (Double Minor) at 12:31, Brandon Montour (MNS) for High sticking (Minor) at 18:47
Goalie Stats
Antti Raanta (MNS), 24 saves from 31 shots - (0.774), L, 20-12-5, 60:00 minutes
Ville Husso (VAN), 30 saves from 33 shots - (0.909), W, 11-14-4, 60:00 minutes
Players Stats for Minnesota North Stars
Player Name G A P +/- PIM S H SB GA TA FO MP PP MP PK MP
------------------------------------------------------------------------------------
Adam Lowry 0 0 0 0 0 4 2 1 0 1 8/17 17:14 0:00 3:54
Brandon Montour 0 1 1 -1 10 3 3 0 0 1 0/0 18:01 3:26 0:13
Brock Nelson 0 0 0 0 0 3 1 0 1 0 0/0 15:13 2:36 0:00
Eeli Tolvanen 1 0 1 -1 0 2 0 0 0 1 0/0 9:35 0:10 0:00
Evan Rodrigues 0 1 1 -1 0 0 0 0 1 0 0/0 9:25 0:00 0:00
Evgeni Malkin 1 1 2 1 0 5 3 1 0 0 5/9 18:14 2:46 3:54
Frank Vatrano 0 1 1 0 0 2 1 1 1 0 0/0 13:04 0:00 0:00
Gustav Forsling 0 0 0 -1 0 1 2 1 0 1 0/0 16:58 3:26 0:00
Jack Hughes 0 0 0 -2 0 1 1 0 0 1 0/1 14:41 3:11 0:00
Jamie Oleksiak 0 1 1 0 0 1 1 0 0 0 0/0 23:20 0:00 4:18
Jeff Skinner 0 0 0 -2 0 0 1 0 0 0 0/0 14:58 3:11 0:00
Jonathan Toews 0 0 0 -1 0 0 0 1 1 0 4/4 9:25 0:00 0:00
Justin Holl 0 0 0 -1 0 1 2 0 0 1 0/0 16:27 0:00 3:32
Neal Pionk 0 0 0 -1 0 1 3 0 0 2 0/0 20:01 2:31 3:45
Rasmus Dahlin 0 0 0 0 2 2 1 2 0 2 0/0 25:40 2:31 4:18
Ryan Nugent-Hopkins 0 0 0 -2 0 3 2 0 0 1 13/21 19:17 3:11 4:09
Viktor Arvidsson 0 0 0 1 0 2 2 0 1 0 0/0 14:15 2:46 0:00
Zach Parise 1 0 1 1 0 2 1 0 0 0 1/1 16:04 0:00 4:09
Players Stats for Vancouver Canucks
Player Name G A P +/- PIM S H SB GA TA FO MP PP MP PK MP
------------------------------------------------------------------------------------
Adam Boqvist 0 0 0 3 0 0 0 1 0 1 0/0 15:42 0:00 1:03
Aleksander Barkov 1 0 1 0 0 2 2 1 1 1 4/8 13:24 0:00 0:00
Anton Lundell 0 0 0 0 0 3 1 2 1 0 0/3 13:24 2:35 1:38
Artturi Lehkonen 1 1 2 2 0 4 2 0 0 1 1/1 20:11 2:35 2:50
Casey Mittelstadt 0 0 0 0 0 0 1 0 0 0 1/1 14:11 2:35 2:37
Clayton Keller 3 2 5 2 0 7 1 0 0 0 0/2 19:49 5:28 0:00
Jake Bean 0 0 0 3 0 1 2 1 1 0 0/0 21:55 5:05 2:54
Jesperi Kotkaniemi 1 1 2 0 4 2 1 0 0 0 6/12 14:31 5:11 0:08
Kasperi Kapanen 0 0 0 0 0 0 4 1 2 0 0/0 13:43 0:17 0:00
Maxence Guenette 0 0 0 -1 0 0 1 0 0 0 0/0 12:09 0:00 0:00
Mikko Rantanen 1 4 5 2 0 4 0 0 1 0 10/24 21:52 5:28 1:40
Miro Heiskanen 0 0 0 0 2 0 1 4 2 1 0/0 26:11 5:05 1:51
Noah Cates 0 0 0 0 0 0 1 0 0 0 0/0 8:53 0:00 0:00
Noah Hanifin 0 1 1 0 0 1 0 4 0 0 0/0 25:56 2:58 3:03
Olli Maatta 0 1 1 -1 0 1 0 0 1 1 0/0 18:10 2:58 3:03
Robby Fabbri 0 1 1 0 0 4 0 0 2 0 0/0 13:24 0:00 0:00
Sam Lafferty 0 0 0 0 0 1 1 1 0 0 0/2 11:42 0:00 3:01
Taylor Raddysh 0 0 0 0 0 1 2 0 0 0 0/0 8:53 0:00 0:00
3 Stars
1 - Clayton Keller (VAN)
2 - Mikko Rantanen (VAN)
3 - Artturi Lehkonen (VAN)
Power Play
Minnesota North Stars - 0 on 3 Attempt(s) - 0.00%
Vancouver Canucks - 2 on 6 Attempt(s) - 33.33%
Penalty Kill
Minnesota North Stars - 4 on 6 Attempt(s) - 66.67%
- Score 0 goal in Penalty Kill
Vancouver Canucks - 3 on 3 Attempt(s) - 100.00%
- Score 0 goal in Penalty Kill
Team Stat
Minnesota North Stars - Hits : 26 - Faceoff Wins : 31 - Blocked Shots : 7 - Penalty Minutes : 12
Vancouver Canucks - Hits : 20 - Faceoff Wins : 22 - Blocked Shots : 15 - Penalty Minutes : 6
Official
Referees : Dean Morton and Rob Martell
Linesman : Andy McElman and Bryan Pancich
Game Notes
Clayton Keller has scored a Hat Trick!
Finance
Level 1 -- Attendance: 4792 (79.87%) -- Ticket Income $474,408
Level 2 -- Attendance: 4164 (83.28%) -- Ticket Income $245,676
Level 3 -- Attendance: 2216 (73.87%) -- Ticket Income $75,344
Level 4 -- Attendance: 3938 (78.76%) -- Ticket Income $94,512
Luxury Box -- Attendance: 753 (75.30%) -- Ticket Income $149,847
Game was played at the Rogers Arena.
Total Attendance: 15863 (79.32%)
Total Ticket Income: $1,039,787
Other Income: $363,925
Total Income: $1,403,712
Minnesota North Stars
5 vs 5 Forward
Center Left Wing Right Wing Time % Phy DF OF
1 Ryan Nugent-Hopkins Jack Hughes Jeff Skinner 29 1 2 2
2 Evgeni Malkin Viktor Arvidsson Zach Parise 28 1 2 2
3 Adam Lowry Brock Nelson Frank Vatrano 28 1 2 2
4 Jonathan Toews Evan Rodrigues Eeli Tolvanen 15 1 2 2
5 vs 5 Defense
Defense Defense Time % Phy DF OF
1 Rasmus Dahlin Jamie Oleksiak 30 1 2 2
2 Neal Pionk Brandon Montour 30 1 2 2
3 Gustav Forsling Justin Holl 25 1 2 2
4 Rasmus Dahlin Jamie Oleksiak 15 1 2 2
PowerPlay Forward
Center Left Wing Right Wing Time % Phy DF OF
1 Ryan Nugent-Hopkins Jack Hughes Jeff Skinner 50 1 1 3
2 Evgeni Malkin Brock Nelson Viktor Arvidsson 50 1 2 2
PowerPlay Defense
Defense Defense Time % Phy DF OF
1 Rasmus Dahlin Neal Pionk 50 1 2 2
2 Brandon Montour Gustav Forsling 50 1 2 2
Penalty Kill 4 Players Forward
Center Wing Time % Phy DF OF
1 Ryan Nugent-Hopkins Zach Parise 50 1 2 2
2 Adam Lowry Evgeni Malkin 50 1 2 2
Penalty Kill 4 Players Defense
Defense Defense Time % Phy DF OF
1 Rasmus Dahlin Jamie Oleksiak 50 1 2 2
2 Neal Pionk Brandon Montour 50 1 2 2
Penalty Kill - 3 Players Forward
Forward Time % Phy DF OF
1 Ryan Nugent-Hopkins 50 1 2 2
2 Evgeni Malkin 50 1 2 2
Penalty Kill - 3 Players Defense
Defense Defense Time % Phy DF OF
1 Rasmus Dahlin Jamie Oleksiak 50 1 2 2
2 Neal Pionk Brandon Montour 50 1 2 2
4 vs 4 Forward
Center Wing Time % Phy DF OF
1 Ryan Nugent-Hopkins Brock Nelson 50 1 2 2
2 Evgeni Malkin Jeff Skinner 50 1 2 2
4 vs 4 Defense
Defense Defense Time % Phy DF OF
1 Rasmus Dahlin Jamie Oleksiak 50 1 2 2
2 Neal Pionk Brandon Montour 50 1 2 2
Last Minutes Offensive
Center Left Wing Right Wing Defense Defense
Ryan Nugent-Hopkins Evgeni Malkin Jack Hughes Rasmus Dahlin Brandon Montour
Last Minutes Defensive
Center Left Wing Right Wing Defense Defense
Ryan Nugent-Hopkins Adam Lowry Jonathan Toews Jamie Oleksiak Neal Pionk
Goaltenders
Starting : Antti Raanta
Backup : Stuart Skinner
Extra Forwards
Normal : Viktor Arvidsson, Adam Lowry, Jonathan Toews - PP : Viktor Arvidsson, Eeli Tolvanen - PK : Jonathan Toews
Extra Defensemen
Normal : Neal Pionk, Justin Holl, Jamie Oleksiak - PP : Neal Pionk - PK : Justin Holl, Jamie Oleksiak
Penalty Shots
Ryan Nugent-Hopkins, Evgeni Malkin, Zach Parise, Jeff Skinner, Jonathan Toews
Vancouver Canucks
5 vs 5 Forward
Center Left Wing Right Wing Time % Phy DF OF
1 Mikko Rantanen Clayton Keller Artturi Lehkonen 40 0 1 4
2 Aleksander Barkov Robby Fabbri Kasperi Kapanen 30 1 2 2
3 Jesperi Kotkaniemi Casey Mittelstadt Sam Lafferty 20 1 2 2
4 Anton Lundell Noah Cates Taylor Raddysh 10 1 2 2
5 vs 5 Defense
Defense Defense Time % Phy DF OF
1 Noah Hanifin Miro Heiskanen 40 1 2 2
2 Jake Bean Adam Boqvist 30 1 2 2
3 Maxence Guenette Olli Maatta 20 1 2 2
4 Noah Hanifin Miro Heiskanen 10 1 2 2
PowerPlay Forward
Center Left Wing Right Wing Time % Phy DF OF
1 Jesperi Kotkaniemi Clayton Keller Mikko Rantanen 60 0 1 4
2 Casey Mittelstadt Anton Lundell Artturi Lehkonen 40 0 1 4
PowerPlay Defense
Defense Defense Time % Phy DF OF
1 Miro Heiskanen Jake Bean 60 0 1 4
2 Noah Hanifin Olli Maatta 40 0 1 4
Penalty Kill 4 Players Forward
Center Wing Time % Phy DF OF
1 Sam Lafferty Artturi Lehkonen 60 1 3 1
2 Casey Mittelstadt Anton Lundell 40 1 3 1
Penalty Kill 4 Players Defense
Defense Defense Time % Phy DF OF
1 Noah Hanifin Olli Maatta 60 1 3 1
2 Miro Heiskanen Jake Bean 40 1 3 1
Penalty Kill - 3 Players Forward
Forward Time % Phy DF OF
1 Aleksander Barkov 60 1 3 1
2 Sam Lafferty 40 1 3 1
Penalty Kill - 3 Players Defense
Defense Defense Time % Phy DF OF
1 Noah Hanifin Olli Maatta 60 1 3 1
2 Miro Heiskanen Jake Bean 40 1 3 1
4 vs 4 Forward
Center Wing Time % Phy DF OF
1 Clayton Keller Mikko Rantanen 60 1 2 2
2 Anton Lundell Artturi Lehkonen 40 1 2 2
4 vs 4 Defense
Defense Defense Time % Phy DF OF
1 Miro Heiskanen Noah Hanifin 60 1 2 2
2 Olli Maatta Jake Bean 40 1 2 2
Last Minutes Offensive
Center Left Wing Right Wing Defense Defense
Anton Lundell Clayton Keller Mikko Rantanen Miro Heiskanen Noah Hanifin
Last Minutes Defensive
Center Left Wing Right Wing Defense Defense
Sam Lafferty Anton Lundell Artturi Lehkonen Noah Hanifin Olli Maatta
Goaltenders
Starting : Ville Husso
Backup : Joonas Korpisalo
Extra Forwards
Normal : Mikko Rantanen, Anton Lundell, Artturi Lehkonen - PP : Clayton Keller, Kasperi Kapanen - PK : Mikko Rantanen
Extra Defensemen
Normal : Miro Heiskanen, Noah Hanifin, Olli Maatta - PP : Jake Bean - PK : Noah Hanifin, Adam Boqvist
Penalty Shots
Miro Heiskanen, Anton Lundell, Jesperi Kotkaniemi, Artturi Lehkonen, Mikko Rantanen
% Time on Ice - Minnesota North Stars
Lines # - Real PCT - Wanted PCT - Time Play
Normal Forward
1 - 26% - 29% - 11:57
2 - 25% - 28% - 11:34
3 - 28% - 28% - 13:04
4 - 20% - 15% - 9:25
Normal Defense
1 - 31% - 30% - 14:11
2 - 31% - 30% - 14:24
3 - 28% - 25% - 12:55
4 - 10% - 15% - 4:30
PP Forward
1 - 54% - 50% - 3:11
2 - 46% - 50% - 2:46
PP Defense
1 - 42% - 50% - 2:31
2 - 58% - 50% - 3:26
PK Forward
1 - 52% - 50% - 4:09
2 - 48% - 50% - 3:54
PK Defense
1 - 50% - 50% - 4:02
2 - 50% - 50% - 4:01
PK3 Forward
1 - 0% - 50%
2 - 0% - 50%
PK3 Defense
1 - 0% - 50%
2 - 0% - 50%
44 Forward
1 - 0% - 50%
2 - 0% - 50%
44 Defense
1 - 0% - 50%
2 - 0% - 50%
Last Minute Offensive - 0:00
Last Minute Defensive - 0:00
Total
Forward - 60:00
Defense - 60:00
|
% Time on Ice - Vancouver Canucks
Lines # - Real PCT - Wanted PCT - Time Play
Normal Forward
1 - 32% - 40% - 14:48
2 - 30% - 30% - 13:38
3 - 19% - 20% - 8:41
4 - 19% - 10% - 8:53
Normal Defense
1 - 39% - 40% - 18:00
2 - 31% - 30% - 14:03
3 - 26% - 20% - 12:09
4 - 4% - 10% - 1:48
PP Forward
1 - 68% - 60% - 5:28
2 - 32% - 40% - 2:35
PP Defense
1 - 63% - 60% - 5:05
2 - 37% - 40% - 2:58
PK Forward
1 - 76% - 60% - 4:32
2 - 24% - 40% - 1:25
PK Defense
1 - 51% - 60% - 3:03
2 - 49% - 40% - 2:54
PK3 Forward
1 - 0% - 60%
2 - 0% - 40%
PK3 Defense
1 - 0% - 60%
2 - 0% - 40%
44 Forward
1 - 0% - 60%
2 - 0% - 40%
44 Defense
1 - 0% - 60%
2 - 0% - 40%
Last Minute Offensive - 0:00
Last Minute Defensive - 0:00
Total
Forward - 60:00
Defense - 60:00
|
Play-by-Play
1st period
0:01 of 1st period - Ryan Nugent-Hopkins wins face-off versus Mikko Rantanen in neutral zone.
0:03 of 1st period - Off-side.
0:04 of 1st period - Ryan Nugent-Hopkins wins face-off versus Mikko Rantanen in neutral zone.
0:31 of 1st period - Snap shot by Evgeni Malkin.
0:31 of 1st period - Shot Blocked by Noah Hanifin.
0:53 of 1st period - Slapshot by Evgeni Malkin.
0:53 of 1st period - Stopped by Ville Husso without a rebound.
0:54 of 1st period - Adam Lowry wins face-off versus Jesperi Kotkaniemi in Vancouver Canucks zone.
0:57 of 1st period - Snap shot by Brock Nelson.
0:57 of 1st period - Shot Misses the Net.
1:02 of 1st period - Off-side.
1:03 of 1st period - Jonathan Toews wins face-off versus Anton Lundell in neutral zone.
1:12 of 1st period - Snap shot by Eeli Tolvanen.
1:12 of 1st period - Shot Misses the Net.
1:28 of 1st period - Jonathan Toews is hit by Kasperi Kapanen and loses puck.
2:00 of 1st period - Wrist shot by Brock Nelson.
2:00 of 1st period - Shot Blocked by Jake Bean.
2:02 of 1st period - Slapshot by Adam Lowry.
2:02 of 1st period - Stopped by Ville Husso with a rebound.
3:02 of 1st period - Slapshot by Robby Fabbri.
3:02 of 1st period - Stopped by Antti Raanta with a rebound.
3:04 of 1st period - Snap shot by Miro Heiskanen.
3:04 of 1st period - Shot Misses the Net.
3:06 of 1st period - Slapshot by Noah Hanifin.
3:06 of 1st period - Shot Blocked by Rasmus Dahlin.
3:22 of 1st period - Snap shot by Evgeni Malkin.
3:22 of 1st period - Goal by Evgeni Malkin - Minnesota North Stars : 1 - Vancouver Canucks : 0.
3:23 of 1st period - Evgeni Malkin wins face-off versus Mikko Rantanen in neutral zone.
3:26 of 1st period - Miro Heiskanen is hit by Gustav Forsling and loses puck.
3:55 of 1st period - Snap shot by Aleksander Barkov.
3:55 of 1st period - Shot Misses the Net.
3:59 of 1st period - Snap shot by Aleksander Barkov.
3:59 of 1st period - Shot Misses the Net.
4:57 of 1st period - Snap shot by Brock Nelson.
4:57 of 1st period - Stopped by Ville Husso without a rebound.
4:58 of 1st period - Adam Lowry wins face-off versus Mikko Rantanen in Vancouver Canucks zone.
5:23 of 1st period - Neal Pionk is hit by Jake Bean and loses puck.
6:29 of 1st period - Off-side.
6:30 of 1st period - Jonathan Toews wins face-off versus Jesperi Kotkaniemi in neutral zone.
7:04 of 1st period - Slapshot by Artturi Lehkonen.
7:04 of 1st period - Stopped by Antti Raanta with a rebound.
8:16 of 1st period - Minor Penalty to Jesperi Kotkaniemi for Hooking.
8:17 of 1st period - Artturi Lehkonen wins face-off versus Ryan Nugent-Hopkins in Vancouver Canucks zone.
8:28 of 1st period - Snap shot by Artturi Lehkonen.
8:28 of 1st period - Shot Misses the Net.
9:14 of 1st period - Miro Heiskanen is hit by Brandon Montour and loses puck.
10:16 of 1st period - Penalty to Jesperi Kotkaniemi is over, Jesperi Kotkaniemi is back on ice.
11:15 of 1st period - Rasmus Dahlin is hit by Taylor Raddysh.
11:55 of 1st period - Viktor Arvidsson is hit by Kasperi Kapanen and loses puck.
12:50 of 1st period - Noah Hanifin is hit by Neal Pionk and loses puck.
13:09 of 1st period - Snap shot by Eeli Tolvanen.
13:09 of 1st period - Shot Blocked by Miro Heiskanen.
13:11 of 1st period - Snap shot by Eeli Tolvanen.
13:11 of 1st period - Shot Misses the Net.
13:17 of 1st period - Gustav Forsling is hit by Kasperi Kapanen and loses puck.
13:28 of 1st period - Adam Boqvist is hit by Viktor Arvidsson and loses puck.
13:49 of 1st period - Wrist shot by Mikko Rantanen.
13:49 of 1st period - Shot Misses the Net.
14:15 of 1st period - Evgeni Malkin is hit by Sam Lafferty and loses puck.
14:26 of 1st period - Evgeni Malkin is hit by Taylor Raddysh and loses puck.
15:28 of 1st period - Noah Cates is hit by Brandon Montour.
16:13 of 1st period - Slapshot by Adam Lowry.
16:13 of 1st period - Stopped by Ville Husso with a rebound.
16:25 of 1st period - Anton Lundell is hit by Ryan Nugent-Hopkins and loses puck.
16:58 of 1st period - Aleksander Barkov is hit by Neal Pionk and loses puck.
17:16 of 1st period - Snap shot by Robby Fabbri.
17:16 of 1st period - Stopped by Antti Raanta with a rebound.
17:18 of 1st period - Wrist shot by Aleksander Barkov.
17:18 of 1st period - Goal by Aleksander Barkov - Minnesota North Stars : 1 - Vancouver Canucks : 1.
17:19 of 1st period - Ryan Nugent-Hopkins wins face-off versus Mikko Rantanen in neutral zone.
17:52 of 1st period - Snap shot by Jesperi Kotkaniemi.
17:52 of 1st period - Goal by Jesperi Kotkaniemi - Minnesota North Stars : 1 - Vancouver Canucks : 2.
17:53 of 1st period - Mikko Rantanen wins face-off versus Ryan Nugent-Hopkins in neutral zone.
18:01 of 1st period - Slapshot by Ryan Nugent-Hopkins.
18:01 of 1st period - Stopped by Ville Husso with a rebound.
18:03 of 1st period - Wrist shot by Jack Hughes.
18:03 of 1st period - Deflect By Jeff Skinner.
18:03 of 1st period - Shot Blocked by Noah Hanifin.
18:03 of 1st period - Puck is out of play.
18:04 of 1st period - Evgeni Malkin wins face-off versus Mikko Rantanen in Vancouver Canucks zone.
18:07 of 1st period - Backhand shot by Evgeni Malkin.
18:07 of 1st period - Shot Misses the Net.
18:31 of 1st period - Evgeni Malkin is hit by Casey Mittelstadt and loses puck.
18:36 of 1st period - Wrist shot by Casey Mittelstadt.
18:36 of 1st period - Shot Misses the Net.
18:38 of 1st period - Snap shot by Jake Bean.
18:38 of 1st period - Stopped by Antti Raanta without a rebound.
18:39 of 1st period - Ryan Nugent-Hopkins wins face-off versus Mikko Rantanen in Minnesota North Stars zone.
18:41 of 1st period - Minor Penalty to Brandon Montour for Tripping.
18:42 of 1st period - Ryan Nugent-Hopkins wins face-off versus Jesperi Kotkaniemi in Minnesota North Stars zone.
18:50 of 1st period - Miro Heiskanen is hit by Jamie Oleksiak and loses puck.
19:10 of 1st period - Slapshot by Clayton Keller.
19:10 of 1st period - Stopped by Antti Raanta with a rebound.
19:12 of 1st period - Snap shot by Mikko Rantanen.
19:12 of 1st period - Stopped by Antti Raanta with a rebound.
19:14 of 1st period - Slapshot by Clayton Keller.
19:14 of 1st period - Stopped by Antti Raanta with a rebound.
19:24 of 1st period - Snap shot by Clayton Keller.
19:24 of 1st period - Shot Misses the Net.
19:26 of 1st period - Backhand shot by Jesperi Kotkaniemi.
19:26 of 1st period - Stopped by Antti Raanta without a rebound.
19:27 of 1st period - Casey Mittelstadt wins face-off versus Adam Lowry in Minnesota North Stars zone.
19:30 of 1st period - Snap shot by Anton Lundell.
19:30 of 1st period - Deflect By Artturi Lehkonen.
19:30 of 1st period - Stopped by Antti Raanta with a rebound.
Goals for this period are 1 for Minnesota North Stars vs 2 for Vancouver Canucks.
Shots for this period are 6 for Minnesota North Stars vs 11 for Vancouver Canucks.
2nd period
0:01 of 2nd period - Jesperi Kotkaniemi wins face-off versus Ryan Nugent-Hopkins in neutral zone.
0:41 of 2nd period - Penalty to Brandon Montour is over, Brandon Montour is back on ice.
0:50 of 2nd period - Slapshot by Mikko Rantanen.
0:50 of 2nd period - Stopped by Antti Raanta without a rebound.
0:51 of 2nd period - Adam Lowry wins face-off versus Aleksander Barkov in Minnesota North Stars zone.
1:05 of 2nd period - Snap shot by Robby Fabbri.
1:05 of 2nd period - Stopped by Antti Raanta with a rebound.
1:07 of 2nd period - Snap shot by Robby Fabbri.
1:07 of 2nd period - Shot Misses the Net.
1:58 of 2nd period - Adam Boqvist is hit by Evgeni Malkin and loses puck.
3:24 of 2nd period - Zach Parise is hit by Kasperi Kapanen and loses puck.
3:45 of 2nd period - Snap shot by Casey Mittelstadt.
3:45 of 2nd period - Shot Misses the Net.
3:47 of 2nd period - Slapshot by Olli Maatta.
3:47 of 2nd period - Deflect By Adam Lowry.
3:47 of 2nd period - Stopped by Antti Raanta with a rebound.
3:49 of 2nd period - Snap shot by Sam Lafferty.
3:49 of 2nd period - Stopped by Antti Raanta without a rebound.
3:50 of 2nd period - Mikko Rantanen wins face-off versus Ryan Nugent-Hopkins in Minnesota North Stars zone.
3:53 of 2nd period - Wrist shot by Clayton Keller.
3:53 of 2nd period - Stopped by Antti Raanta without a rebound.
3:54 of 2nd period - Mikko Rantanen wins face-off versus Ryan Nugent-Hopkins in Minnesota North Stars zone.
4:04 of 2nd period - Snap shot by Clayton Keller.
4:04 of 2nd period - Shot Misses the Net.
4:06 of 2nd period - Snap shot by Clayton Keller.
4:06 of 2nd period - Goal by Clayton Keller - Minnesota North Stars : 1 - Vancouver Canucks : 3.
4:07 of 2nd period - Mikko Rantanen wins face-off versus Adam Lowry in neutral zone.
4:32 of 2nd period - Ryan Nugent-Hopkins is hit by Aleksander Barkov.
4:58 of 2nd period - Casey Mittelstadt is hit by Brandon Montour and loses puck.
5:25 of 2nd period - Slapshot by Taylor Raddysh.
5:25 of 2nd period - Stopped by Antti Raanta with a rebound.
5:27 of 2nd period - Snap shot by Jake Bean.
5:27 of 2nd period - Deflect By Taylor Raddysh.
5:27 of 2nd period - Shot Blocked by Gustav Forsling.
5:27 of 2nd period - Puck is out of play.
5:28 of 2nd period - Ryan Nugent-Hopkins wins face-off versus Mikko Rantanen in Minnesota North Stars zone.
5:32 of 2nd period - Off-side.
5:33 of 2nd period - Ryan Nugent-Hopkins wins face-off versus Mikko Rantanen in neutral zone.
5:40 of 2nd period - Snap shot by Jack Hughes.
5:40 of 2nd period - Stopped by Ville Husso with a rebound.
5:42 of 2nd period - Wrist shot by Ryan Nugent-Hopkins.
5:42 of 2nd period - Stopped by Ville Husso with a rebound.
5:44 of 2nd period - Slapshot by Jamie Oleksiak.
5:44 of 2nd period - Shot Blocked by Miro Heiskanen.
5:46 of 2nd period - Wrist shot by Jeff Skinner.
5:46 of 2nd period - Shot Misses the Net.
5:48 of 2nd period - Snap shot by Jeff Skinner.
5:48 of 2nd period - Shot Misses the Net.
5:50 of 2nd period - Snap shot by Jeff Skinner.
5:50 of 2nd period - Shot Blocked by Noah Hanifin.
6:53 of 2nd period - Minor Penalty to Rasmus Dahlin for Cross-checking.
6:54 of 2nd period - Jesperi Kotkaniemi wins face-off versus Ryan Nugent-Hopkins in Minnesota North Stars zone.
7:06 of 2nd period - Snap shot by Mikko Rantanen.
7:06 of 2nd period - Goal by Mikko Rantanen - Minnesota North Stars : 1 - Vancouver Canucks : 4.
7:07 of 2nd period - Adam Lowry wins face-off versus Mikko Rantanen in neutral zone.
7:12 of 2nd period - Slapshot by Brandon Montour.
7:12 of 2nd period - Deflect By Mikko Rantanen.
7:12 of 2nd period - Stopped by Ville Husso without a rebound.
7:13 of 2nd period - Mikko Rantanen wins face-off versus Adam Lowry in Vancouver Canucks zone.
7:49 of 2nd period - Minor Penalty to Brandon Montour for Holding.
7:50 of 2nd period - Jesperi Kotkaniemi wins face-off versus Adam Lowry in Minnesota North Stars zone.
8:21 of 2nd period - Snap shot by Noah Hanifin.
8:21 of 2nd period - Stopped by Antti Raanta without a rebound.
8:22 of 2nd period - Ryan Nugent-Hopkins wins face-off versus Jesperi Kotkaniemi in Minnesota North Stars zone.
8:57 of 2nd period - Snap shot by Artturi Lehkonen.
8:57 of 2nd period - Shot Blocked by Adam Lowry.
9:11 of 2nd period - Anton Lundell is hit by Zach Parise and loses puck.
9:21 of 2nd period - Off-side.
9:22 of 2nd period - Jesperi Kotkaniemi wins face-off versus Adam Lowry in neutral zone.
9:49 of 2nd period - Penalty to Brandon Montour is over, Brandon Montour is back on ice.
9:58 of 2nd period - Zach Parise is hit by Artturi Lehkonen and loses puck.
10:15 of 2nd period - Wrist shot by Eeli Tolvanen.
10:15 of 2nd period - Shot Misses the Net.
10:29 of 2nd period - Slapshot by Jamie Oleksiak.
10:29 of 2nd period - Stopped by Ville Husso with a rebound.
10:31 of 2nd period - Snap shot by Rasmus Dahlin.
10:31 of 2nd period - Stopped by Ville Husso without a rebound.
10:32 of 2nd period - Adam Lowry wins face-off versus Mikko Rantanen in Vancouver Canucks zone.
10:37 of 2nd period - Wrist shot by Brock Nelson.
10:37 of 2nd period - Stopped by Ville Husso with a rebound.
10:39 of 2nd period - Snap shot by Adam Lowry.
10:39 of 2nd period - Shot Misses the Net.
10:41 of 2nd period - Wrist shot by Frank Vatrano.
10:41 of 2nd period - Stopped by Ville Husso with a rebound.
10:43 of 2nd period - Slapshot by Brandon Montour.
10:43 of 2nd period - Shot Misses the Net.
10:45 of 2nd period - Slapshot by Frank Vatrano.
10:45 of 2nd period - Stopped by Ville Husso without a rebound.
10:46 of 2nd period - Aleksander Barkov wins face-off versus Evgeni Malkin in Vancouver Canucks zone.
10:51 of 2nd period - Wrist shot by Evgeni Malkin.
10:51 of 2nd period - Stopped by Ville Husso with a rebound.
10:53 of 2nd period - Snap shot by Evgeni Malkin.
10:53 of 2nd period - Stopped by Ville Husso with a rebound.
10:55 of 2nd period - Snap shot by Brandon Montour.
10:55 of 2nd period - Stopped by Ville Husso with a rebound.
10:57 of 2nd period - Snap shot by Zach Parise.
10:57 of 2nd period - Goal by Zach Parise - Minnesota North Stars : 2 - Vancouver Canucks : 4.
10:58 of 2nd period - Mikko Rantanen wins face-off versus Evgeni Malkin in neutral zone.
11:12 of 2nd period - Wrist shot by Evgeni Malkin.
11:12 of 2nd period - Shot Misses the Net.
11:14 of 2nd period - Snap shot by Rasmus Dahlin.
11:14 of 2nd period - Shot Misses the Net.
11:48 of 2nd period - Jake Bean is hit by Brock Nelson and loses puck.
11:55 of 2nd period - Snap shot by Taylor Raddysh.
11:55 of 2nd period - Shot Blocked by Frank Vatrano.
11:57 of 2nd period - Backhand shot by Maxence Guenette.
11:57 of 2nd period - Shot Misses the Net.
12:27 of 2nd period - Wrist shot by Evgeni Malkin.
12:27 of 2nd period - Shot Blocked by Sam Lafferty.
12:29 of 2nd period - Snap shot by Viktor Arvidsson.
12:29 of 2nd period - Shot Misses the Net.
12:31 of 2nd period - Snap shot by Zach Parise.
12:31 of 2nd period - Stopped by Ville Husso without a rebound.
12:32 of 2nd period - Evgeni Malkin wins face-off versus Clayton Keller in Vancouver Canucks zone.
12:41 of 2nd period - Wrist shot by Evgeni Malkin.
12:41 of 2nd period - Deflect By Viktor Arvidsson.
12:41 of 2nd period - Stopped by Ville Husso with a rebound.
13:05 of 2nd period - Minor Penalty to Miro Heiskanen for Charging.
13:06 of 2nd period - Evgeni Malkin wins face-off versus Sam Lafferty in Vancouver Canucks zone.
15:05 of 2nd period - Penalty to Miro Heiskanen is over, Miro Heiskanen is back on ice.
15:20 of 2nd period - Snap shot by Robby Fabbri.
15:20 of 2nd period - Stopped by Antti Raanta with a rebound.
15:22 of 2nd period - Slapshot by Adam Boqvist.
15:22 of 2nd period - Deflect By Aleksander Barkov.
15:22 of 2nd period - Stopped by Antti Raanta with a rebound.
15:24 of 2nd period - Slapshot by Adam Boqvist.
15:24 of 2nd period - Shot Blocked by Jonathan Toews.
15:38 of 2nd period - Snap shot by Anton Lundell.
15:38 of 2nd period - Stopped by Antti Raanta with a rebound.
15:40 of 2nd period - Snap shot by Anton Lundell.
15:40 of 2nd period - Stopped by Antti Raanta without a rebound.
15:41 of 2nd period - Aleksander Barkov wins face-off versus Evgeni Malkin in Minnesota North Stars zone.
15:56 of 2nd period - Zach Parise is hit by Aleksander Barkov and loses puck.
16:17 of 2nd period - Backhand shot by Artturi Lehkonen.
16:17 of 2nd period - Goal by Artturi Lehkonen - Minnesota North Stars : 2 - Vancouver Canucks : 5.
16:18 of 2nd period - Mikko Rantanen wins face-off versus Ryan Nugent-Hopkins in neutral zone.
16:45 of 2nd period - Aleksander Barkov is hit by Viktor Arvidsson.
16:49 of 2nd period - Snap shot by Evgeni Malkin.
16:49 of 2nd period - Deflect By Viktor Arvidsson.
16:49 of 2nd period - Stopped by Ville Husso with a rebound.
16:51 of 2nd period - Slapshot by Neal Pionk.
16:51 of 2nd period - Stopped by Ville Husso with a rebound.
16:53 of 2nd period - Wrist shot by Zach Parise.
16:53 of 2nd period - Shot Blocked by Kasperi Kapanen.
16:55 of 2nd period - Slapshot by Brandon Montour.
16:55 of 2nd period - Stopped by Ville Husso with a rebound.
16:57 of 2nd period - Snap shot by Zach Parise.
16:57 of 2nd period - Shot Blocked by Aleksander Barkov.
17:17 of 2nd period - Snap shot by Casey Mittelstadt.
17:17 of 2nd period - Shot Misses the Net.
17:28 of 2nd period - Icing by Eeli Tolvanen.
17:29 of 2nd period - Jonathan Toews wins face-off versus Anton Lundell in Minnesota North Stars zone.
17:55 of 2nd period - Backhand shot by Eeli Tolvanen.
17:55 of 2nd period - Stopped by Ville Husso without a rebound.
17:56 of 2nd period - Ryan Nugent-Hopkins wins face-off versus Mikko Rantanen in Vancouver Canucks zone.
18:03 of 2nd period - Clayton Keller is hit by Jeff Skinner and loses puck.
18:24 of 2nd period - Snap shot by Brock Nelson.
18:24 of 2nd period - Shot Misses the Net.
19:44 of 2nd period - Snap shot by Clayton Keller.
19:44 of 2nd period - Stopped by Antti Raanta with a rebound.
Goals for this period are 1 for Minnesota North Stars vs 3 for Vancouver Canucks.
Shots for this period are 18 for Minnesota North Stars vs 15 for Vancouver Canucks.
3rd period
0:01 of 3rd period - Mikko Rantanen wins face-off versus Adam Lowry in neutral zone.
0:16 of 3rd period - Slapshot by Rasmus Dahlin.
0:16 of 3rd period - Stopped by Ville Husso without a rebound.
0:17 of 3rd period - Aleksander Barkov wins face-off versus Evgeni Malkin in Vancouver Canucks zone.
0:17 of 3rd period - Aleksander Barkov is hit by Evgeni Malkin.
1:07 of 3rd period - Adam Lowry is hit by Jesperi Kotkaniemi and loses puck.
1:44 of 3rd period - Aleksander Barkov is hit by Evgeni Malkin and loses puck.
2:03 of 3rd period - Olli Maatta is hit by Adam Lowry and loses puck.
2:58 of 3rd period - Artturi Lehkonen is hit by Adam Lowry.
3:15 of 3rd period - Wrist shot by Adam Lowry.
3:15 of 3rd period - Shot Misses the Net.
3:17 of 3rd period - Snap shot by Frank Vatrano.
3:17 of 3rd period - Shot Blocked by Adam Boqvist.
3:19 of 3rd period - Snap shot by Justin Holl.
3:19 of 3rd period - Stopped by Ville Husso without a rebound.
3:20 of 3rd period - Ryan Nugent-Hopkins wins face-off versus Aleksander Barkov in Vancouver Canucks zone.
3:31 of 3rd period - Aleksander Barkov is hit by Ryan Nugent-Hopkins and loses puck.
4:06 of 3rd period - Minor Penalty to Jesperi Kotkaniemi for Hooking.
4:07 of 3rd period - Ryan Nugent-Hopkins wins face-off versus Sam Lafferty in Vancouver Canucks zone.
5:29 of 3rd period - Viktor Arvidsson is hit by Anton Lundell and loses puck.
6:06 of 3rd period - Penalty to Jesperi Kotkaniemi is over, Jesperi Kotkaniemi is back on ice.
7:12 of 3rd period - Snap shot by Jeff Skinner.
7:12 of 3rd period - Shot Misses the Net.
8:13 of 3rd period - Adam Boqvist is hit by Gustav Forsling and loses puck.
8:40 of 3rd period - Taylor Raddysh is hit by Jack Hughes and loses puck.
9:11 of 3rd period - Clayton Keller is hit by Justin Holl.
9:26 of 3rd period - Slapshot by Mikko Rantanen.
9:26 of 3rd period - Stopped by Antti Raanta with a rebound.
9:28 of 3rd period - Snap shot by Artturi Lehkonen.
9:28 of 3rd period - Shot Misses the Net.
9:30 of 3rd period - Wrist shot by Artturi Lehkonen.
9:30 of 3rd period - Stopped by Antti Raanta without a rebound.
9:31 of 3rd period - Aleksander Barkov wins face-off versus Adam Lowry in Minnesota North Stars zone.
9:50 of 3rd period - Robby Fabbri is hit by Frank Vatrano.
10:00 of 3rd period - Justin Holl is hit by Noah Cates and loses puck.
10:13 of 3rd period - Wrist shot by Adam Lowry.
10:13 of 3rd period - Shot Blocked by Anton Lundell.
10:15 of 3rd period - Slapshot by Brock Nelson.
10:15 of 3rd period - Shot Misses the Net.
10:17 of 3rd period - Slapshot by Gustav Forsling.
10:17 of 3rd period - Shot Misses the Net.
10:21 of 3rd period - Wrist shot by Adam Lowry.
10:21 of 3rd period - Stopped by Ville Husso with a rebound.
10:23 of 3rd period - Snap shot by Frank Vatrano.
10:23 of 3rd period - Shot Blocked by Anton Lundell.
10:25 of 3rd period - Wrist shot by Frank Vatrano.
10:25 of 3rd period - Shot Blocked by Miro Heiskanen.
10:27 of 3rd period - Slapshot by Gustav Forsling.
10:27 of 3rd period - Stopped by Ville Husso with a rebound.
10:37 of 3rd period - Justin Holl is hit by Miro Heiskanen and loses puck.
10:52 of 3rd period - Wrist shot by Adam Lowry.
10:52 of 3rd period - Stopped by Ville Husso with a rebound.
10:54 of 3rd period - Snap shot by Brock Nelson.
10:54 of 3rd period - Stopped by Ville Husso without a rebound.
10:55 of 3rd period - Mikko Rantanen wins face-off versus Jack Hughes in Vancouver Canucks zone.
10:59 of 3rd period - Off-side.
11:00 of 3rd period - Mikko Rantanen wins face-off versus Ryan Nugent-Hopkins in neutral zone.
11:03 of 3rd period - Jack Hughes is hit by Jake Bean and loses puck.
11:48 of 3rd period - Snap shot by Eeli Tolvanen.
11:48 of 3rd period - Goal by Eeli Tolvanen - Minnesota North Stars : 3 - Vancouver Canucks : 5.
11:49 of 3rd period - Ryan Nugent-Hopkins wins face-off versus Mikko Rantanen in neutral zone.
11:58 of 3rd period - Wrist shot by Ryan Nugent-Hopkins.
11:58 of 3rd period - Shot Blocked by Miro Heiskanen.
12:31 of 3rd period - Double Minor Penalty to Brandon Montour for Slashing.
12:32 of 3rd period - Jesperi Kotkaniemi wins face-off versus Adam Lowry in Minnesota North Stars zone.
12:37 of 3rd period - Wrist shot by Mikko Rantanen.
12:37 of 3rd period - Shot Blocked by Evgeni Malkin.
12:39 of 3rd period - Snap shot by Mikko Rantanen.
12:39 of 3rd period - Deflect By Clayton Keller.
12:39 of 3rd period - Shot Blocked by Rasmus Dahlin.
12:39 of 3rd period - Puck is out of play.
12:40 of 3rd period - Adam Lowry wins face-off versus Jesperi Kotkaniemi in Minnesota North Stars zone.
12:51 of 3rd period - Ryan Nugent-Hopkins is hit by Clayton Keller and loses puck.
13:12 of 3rd period - Wrist shot by Clayton Keller.
13:12 of 3rd period - Goal by Clayton Keller - Minnesota North Stars : 3 - Vancouver Canucks : 6.
13:13 of 3rd period - Jesperi Kotkaniemi wins face-off versus Adam Lowry in neutral zone.
14:38 of 3rd period - Miro Heiskanen is hit by Rasmus Dahlin and loses puck.
15:12 of 3rd period - Penalty to Brandon Montour is over, Brandon Montour is back on ice.
15:32 of 3rd period - Evan Rodrigues is hit by Maxence Guenette and loses puck.
15:47 of 3rd period - Olli Maatta is hit by Justin Holl and loses puck.
16:39 of 3rd period - Snap shot by Anton Lundell.
16:39 of 3rd period - Stopped by Antti Raanta without a rebound.
16:40 of 3rd period - Zach Parise wins face-off versus Anton Lundell in Minnesota North Stars zone.
17:05 of 3rd period - Gustav Forsling is hit by Artturi Lehkonen and loses puck.
17:14 of 3rd period - Slapshot by Mikko Rantanen.
17:14 of 3rd period - Shot Misses the Net.
17:16 of 3rd period - Snap shot by Clayton Keller.
17:16 of 3rd period - Goal by Clayton Keller - Minnesota North Stars : 3 - Vancouver Canucks : 7.
17:17 of 3rd period - Ryan Nugent-Hopkins wins face-off versus Mikko Rantanen in neutral zone.
17:32 of 3rd period - Snap shot by Ryan Nugent-Hopkins.
17:32 of 3rd period - Stopped by Ville Husso without a rebound.
17:33 of 3rd period - Evgeni Malkin wins face-off versus Aleksander Barkov in Vancouver Canucks zone.
17:36 of 3rd period - Slapshot by Evgeni Malkin.
17:36 of 3rd period - Shot Blocked by Noah Hanifin.
18:44 of 3rd period - Off-side.
18:45 of 3rd period - Jonathan Toews wins face-off versus Aleksander Barkov in neutral zone.
18:47 of 3rd period - Minor Penalty to Brandon Montour for High sticking.
18:48 of 3rd period - Adam Lowry wins face-off versus Jesperi Kotkaniemi in Minnesota North Stars zone.
19:14 of 3rd period - Anton Lundell is hit by Neal Pionk and loses puck.
19:23 of 3rd period - Snap shot by Evgeni Malkin.
19:23 of 3rd period - Stopped by Ville Husso without a rebound.
19:24 of 3rd period - Adam Lowry wins face-off versus Clayton Keller in Vancouver Canucks zone.
Goals for this period are 1 for Minnesota North Stars vs 2 for Vancouver Canucks.
Shots for this period are 9 for Minnesota North Stars vs 5 for Vancouver Canucks.
Back to the Top